 Dungeon Crawl Stone Soup version 0.21.1-1-g345015f (webtiles) character file.

37 inc the Chiller (level 3, -1/21 HPs)
             Began as an Octopode Ice Elementalist on Apr 21, 2018.
             Shot with a stone by a goblin (3 damage)
             ... led by Robin
             ... on level 2 of the Dungeon.
             The game lasted 00:01:45 (1485 turns).

inc the Chiller (Octopode Ice Elementalist)         Turns: 1485, Time: 00:01:46

Health: -1/21      AC:  1    Str:  7    XL:     3   Next: 41%
Magic:  3/7        EV: 13    Int: 18    God:
Gold:   36         SH:  0    Dex: 12    Spells: 7/8 levels left

rFire    . . .     SeeInvis .   (no weapon)
rCold    . . .     Gourm    .   (no shield)
rNeg     . . .     Faith    .   (helmet restricted)
rPois    .         Spirit   .   (no amulet)
rElec    .         Reflect  .   (no ring)
rCorr    .         Harm     .   (no ring)
MR       .....                  (no ring)
Stlth    +++.......             (no ring)
HPRegen  0.07/turn              (no ring)
MPRegen  0.10/turn              (no ring)
                                (no ring)
                                (no ring)

@: no status effects
A: almost no armour, stealthy swim, amphibious, 8 rings, constrict 8, camouflage
1, gelatinous body 1
a: no special abilities


You were on level 2 of the Dungeon.
You were not hungry.

You visited 1 branch of the dungeon, and saw 2 of its levels.

You collected 36 gold pieces.

Inventory:

Hand Weapons
 e - a +0 short sword
Scrolls
 d - a scroll of blinking {unknown}
Potions
 c - a potion of degeneration {unknown}
Books
 a - a book of Frost

   Spells                             Type                      Level
   a - Freeze                         Ice                          1
   b - Throw Frost                    Conjuration/Ice              2
   c - Ozocubu's Armour               Charms/Ice                   3
   d - Throw Icicle                   Conjuration/Ice              4
   e - Summon Ice Beast               Ice/Summoning                4
Comestibles
 b - 2 rations
 f - a chunk of flesh


   Skills:
 - Level 2.0 Dodging
 - Level 2.6 Stealth
 + Level 3.1 Spellcasting
   Level 1.0 Conjurations
 - Level 3.4 Ice Magic


You had 7 spell levels left.
You knew the following spells:

 Your Spells              Type           Power        Failure   Level  Hunger
a - Freeze                Ice            ###.         4%          1    None


Dungeon Overview and Level Annotations

Branches:
Dungeon (2/15)

Altars:
Okawaru

Annotations:
D:2 Robin


Innate Abilities, Weirdness & Mutations

You cannot wear most types of armour.
You are very stealthy in the water. (Stealth+)
You are amphibious.
You can wear up to eight rings at the same time.
You can use your tentacles to constrict eight enemies at once.
Your skin changes colour to match your surroundings (Stealth+).
Your rubbery body absorbs attacks. (AC +1, EV +1)


Message History

The goblin no longer looks unusually strong.
The goblin no longer looks unusually strong.
Casting: Freeze
Confirm with . or Enter, or press ? or * to list all spells.
Aiming: Freeze
Press: ? - help, Shift-Dir - straight line, f - goblin
Aim: a goblin, wielding a dagger You freeze the goblin.
You kill the goblin!
The goblin shoots a stone.
The stone barely misses you.
The goblin shoots a stone.
The stone hits you. The stone burns you.
* * * LOW HITPOINT WARNING * * *
You see here a stone.
The goblin shoots a stone.
The stone hits you.
* * * LOW HITPOINT WARNING * * *
The stone burns you.
* * * LOW HITPOINT WARNING * * *
You see here a stone.
The goblin shoots a stone.
The stone hits you.
You die...

### ###..gg####### #..
.......gg)g.g.# #.#
####..#######g# #.# #..# #g#
#.# #.)# #g# ########.#####
#..# #.# .............# #..#
#.. .........###.###..# ##.
########..@((.g..g########.
#.###..)..g........( #.#
######.######### #.# #.# #.#
#.# ## #.# #.# .########
#.##############
........######.##.....≈)≈...#
..#####...............≈≈≈.8.#


You could see 3 goblins.

Vanquished Creatures
  A dart slug (D:2)
  A giant cockroach (D:1)
  13 goblins
  3 hobgoblins (D:1)
  2 kobolds (D:1)
  A quokka (D:2)
  3 bats (D:1)
  2 frilled lizards (D:1)
  3 rats (D:1)
29 creatures vanquished.

Notes
Turn   | Place    | Note
-------+----------+-------------------------------------------
     0 | D:1      | inc the Octopode Ice Elementalist began the quest for the Orb.
     0 | D:1      | Reached XP level 1. HP: 11/11 MP: 3/3
   408 | D:1      | Reached XP level 2. HP: 15/17 MP: 0/5
  1133 | D:2      | Reached XP level 3. HP: 21/21 MP: 5/7
  1142 | D:2      | Found an iron altar of Okawaru.
  1451 | D:2      | Noticed Robin
  1485 | D:2      | Shot with a stone by a goblin

Skill      XL: |  1  2  3 |
---------------+----------+-----
Spellcasting   | 3 |  3.1
Dodging        | |  2.0
Stealth        | |  2.6
Conjurations   | |  1.0
Ice Magic      | |  3.4

Action                   || total
-------------------------++-------
Melee: Unarmed           ||    10
       Constrict         ||     4
       Tentacles         ||     4
 Cast: Freeze            ||    35
 Stab: Sleeping          ||     1
  Eat: Chunk             ||     2
Armor: Skin              ||     2
Dodge: Dodged            ||    23
